 Dungeon Crawl Stone Soup version 0.22-a0-515-g75794bf (webtiles) character file.

100 Amnesiac the Ducker (level 4, -2/36 HPs)
             Began as a Spriggan Berserker on June 19, 2018.
             Was a Believer of Trog.
             Slain by an adder (5 damage)
             ... on level 3 of the Dungeon.
             The game lasted 00:03:36 (1281 turns).

Amnesiac the Ducker (Spriggan Berserker)            Turns: 1281, Time: 00:03:37

Health: -2/36      AC:  2    Str: 19    XL:     4   Next: 46%
Magic:  5/5        EV: 26    Int:  8    God:    Trog [**....]
Gold:   76         SH:  0    Dex: 20    Spells: 3/3 levels left

rFire    . . .     SeeInvis +   j - +2 short sword (drain)
rCold    . . .     Gourm    .   (shield restricted)
rNeg     . . .     Faith    .   b - +0 animal skin
rPois    .         Spirit   .   (helmet restricted)
rElec    .         Reflect  .   (no cloak)
rCorr    .         Harm     .   (gloves unavailable)
MR       .....                  (boots unavailable)
Stlth    ..........             (no amulet)
HPRegen  0.12/turn              d - ring of loudness (curse)
MPRegen  0.09/turn              (no ring)

@: agile, berserking, lethally poisoned (-2 -> -5), very quick
A: very small, unfitting armour, see invisible, herbivore, speed 3, slow
metabolism 2
a: Berserk, Trog's Hand, Renounce Religion


You were on level 3 of the Dungeon.
You worshipped Trog.
Trog was pleased with you.
You were not hungry.

You visited 1 branch of the dungeon, and saw 3 of its levels.

You collected 76 gold pieces.

Inventory:

Hand Weapons
 j - a +2 short sword of draining (weapon)
Missiles
 g - 21 stones (quivered)
Armour
 b - a +0 animal skin (worn)
Jewellery
 d - a cursed ring of loudness (left hand)
Scrolls
 e - 2 scrolls of identify {!r}
 f - 4 scrolls of enchant weapon {!r}
 i - 2 scrolls of magic mapping {!r}
Potions
 a - a potion of brilliance {!q}
 h - a potion of flight {!q}
 k - a potion of berserk rage {!q}
 l - a potion of agility {!q}
 m - a potion of haste {!q, unknown}
Comestibles
 c - 3 rations


   Skills:
 * Level 3.4 Fighting
 + Level 3.9 Short Blades
 + Level 5.3 Dodging
 + Level 1.7 Stealth


You had 3 spell levels left.
You didn't know any spells.
Your spell library was empty.

Dungeon Overview and Level Annotations

Branches:
Dungeon (3/15)

Altars:
Cheibriados
Dithmenos
Fedhas
Wu Jian


Innate Abilities, Weirdness & Mutations

You are very small and have problems with some larger weapons.
You are too small for most types of armour.
You have supernaturally acute eyesight. (SInv)
You are a herbivore.
You cover ground extremely quickly.
You need to consume almost no food.


Message History

You see here a frilled lizard corpse.
You aren't carrying any items that you can evoke.
Unknown command.
There is a stone staircase leading down here.
You climb downwards.
There is a stone staircase leading up here.
You open the door.
There is an open door here.
You open the door.
A ball python and an adder come into view.
The ball python hisses angrily.
The adder hisses angrily.
You swing at nothing.
You swing at nothing.
You swing at nothing.
You closely miss the ball python.
The ball python completely misses you. x2
You completely miss the ball python. You closely miss the adder.
The ball python misses you. The ball python completely misses you.
The adder completely misses you. The ball python misses you.
The ball python completely misses you. The adder completely misses you.
You swing at nothing.
You hit the adder. You drain the adder!
The adder is severely wounded.
The adder misses you.
You barely miss the adder.
The adder is severely wounded.
The adder bites you.
* * * LOW HITPOINT WARNING * * *
You are poisoned.
The adder poisons you!
You puncture the adder!
You kill the adder!
Trog accepts your kill.
You feel sick.
You hit the ball python. You drain the ball python!
You kill the ball python!
Trog accepts your kill.
You swing at nothing.
You feel sick.
You feel sick.
You are no longer poisoned.
You open the door.
An adder comes into view.
An adder is nearby!
You swing at nothing.
You closely miss the adder. The adder barely misses you.
You barely miss the adder. The adder misses you.
You miss the adder. The adder bites you.
* * * LOW HITPOINT WARNING * * *
You are lethally poisoned!
The adder poisons you!
Really quaff
l - 2 glowing emerald potions {!q}?
It was a potion of agility {!q}.
You feel agile all of a sudden.
* * * LOW HITPOINT WARNING * * *
You feel sick. The adder barely misses you. The adder completely misses you.
* * * LOW HITPOINT WARNING * * *
You feel sick.
Really quaff
k - 2 sapphire potions {!q}?
It was a potion of berserk rage {!q}.
A red film seems to cover your vision as you go berserk!
You feel yourself moving faster!
You feel mighty!
You closely miss the adder. The adder bites you.
You die...

....... ..... ... #'#
#.# #.# #.# #S#
######@############
...................#
.######............#####
............#........
#.##########..........
#...................
#.##................
#.##.....#.#........
#.###'####.#.#.####.


You could see an adder.

Vanquished Creatures
  2 gnolls (D:2)
  4 adders
  A dart slug (D:1)
  A leopard gecko (D:1)
  A ball python (D:3)
  5 bats
  3 hobgoblins
  7 jackals (D:2)
  7 kobolds
  A quokka (D:2)
  6 frilled lizards
  4 goblins
  4 rats
46 creatures vanquished.

Notes
Turn   | Place    | Note
-------+----------+-------------------------------------------
     0 | D:1      | Amnesiac the Spriggan Berserker began the quest for the Orb.
     0 | D:1      | Reached XP level 1. HP: 11/11 MP: 2/2
   203 | D:1      | Reached XP level 2. HP: 9/16 MP: 3/3
   474 | D:1      | You fall through a shaft!
   483 | D:2      | Reached ** piety under Trog
   583 | D:2      | Reached XP level 3. HP: 7/20 MP: 4/4
   588 | D:2      | Found a snail-covered altar of Cheibriados.
   591 | D:2      | Found a blossoming altar of Fedhas.
   594 | D:2      | Found an ornate altar of the Wu Jian Council.
   757 | D:2      | Found a shadowy altar of Dithmenos.
   834 | D:2      | Reached skill level 5 in Dodging
  1043 | D:2      | Reached skill level 1 in Stealth
  1074 | D:2      | Reached XP level 4. HP: 16/24 MP: 5/5
  1281 | D:3      | Slain by an adder

Vault maps used:
D:1:      minmay_arrival_wavy_path
D:2:      overflow_temple_1_default, grunt_temple_overflow_diamond,
          serial_corexii_hall, corexii_hall_statues_deadend,
          corexii_hall_statues_t, feat_on_display
D:3:      nicolae_overflow_crystal_walls, fedhas_altar_4

Skill      XL: |  1  2  3 |
---------------+----------+-----
Fighting       | 3 |  3.4
Dodging        | 5 |  5.3
Stealth        | 1 |  1.7
Short Blades   | |  3.9

Action                   |  1- 3 |  4- 6 || total
-------------------------+-------+-------++-------
Melee: Short sword       |   135 |    21 ||   156
  Use: Scroll            |     4 |       ||     4
       Potion            |       |     2 ||     2
 Stab: Sleeping          |     3 |       ||     3
Armor: Animal skin       |     9 |     1 ||    10
Dodge: Dodged            |   112 |    16 ||   128

Table legend:
 A = Spawn XP
 B = Non-spawn XP
 C = Spawn XP percentage of total XP
 D = Spawn monster count
 E = Non-spawn monster count
 F = Spawn count percentage of total count
 G = Total turns spent on level
                    A         B        C        D         E        F      G
               +---------+---------+-------+---------+---------+-------+---------
         Total |       0 |     143 |   0.0 |       0 |      46 |   0.0 |  1281
               +---------+---------+-------+---------+---------+-------+---------
           D:1 |       0 |      32 |   0.0 |       0 |      21 |   0.0 |   614
           D:2 |       0 |      96 |   0.0 |       0 |      23 |   0.0 |   599
           D:3 |       0 |      15 |   0.0 |       0 |       2 |   0.0 |    68
               +---------+---------+-------+---------+---------+-------+---------
